 Dungeon Crawl Stone Soup version 0.18.1-48-g4cf74bf (webtiles) character file.

109 Gargoyl the Skirmisher (level 4, -5/37 HPs)
             Began as a Demonspawn Abyssal Knight on July 19, 2016.
             Was a Believer of Lugonu.
             Slain by Purgy (6 damage)
             ... in a sewer.
             The game lasted 00:06:27 (2949 turns).

Gargoyl the Skirmisher (Demonspawn Abyssal Knight)  Turns: 2949, Time: 00:06:28

Health: -5/37      AC: 11    Str: 17    XL:     4   Next: 59%
Magic:  5/5        EV: 15    Int: 13    God:    Lugonu [**....]
Gold:   164        SH:  0    Dex: 17    Spells: 0 memorised, 3 levels left

rFire  + + .     SeeInvis .     a - +1 hand axe
rCold  . . .     Gourm    .     g - +0 scale mail
rNeg   . . .     Faith    .     (no shield)
rPois  .         Spirit   .     (no helmet)
rElec  .         Dismiss  .     (no cloak)
rCorr  .         Reflect  .     d - +2 pair of gloves {Str+3}
SustAt .         Harm     .     (no boots)
MR     .....                    (no amulet)
Stlth  +.........               m - +1 ring of protection
                                l - ring of protection from fire

@: agile, not resistant to hostile enchantments, very unstealthy
A: claws 1, talons 1, fire resistance 1, subdued magic 1
a: Depart the Abyss, Bend Space, Renounce Religion


You were in a sewer.
You worshipped Lugonu.
Lugonu was pleased with you.
You were not hungry.

You visited 1 branch of the dungeon, and saw 3 of its levels.
You visited the Abyss 1 time.
You also visited: Sewer.

You collected 164 gold pieces.

Inventory:

Hand Weapons
 a - a +1 hand axe (weapon)
Missiles
 u - 45 poisoned needles
Armour
 d - a +2 pair of gloves of strength (worn)
 g - a +0 scale mail (worn)
Jewellery
 l - a ring of protection from fire (left hand)
 m - a +1 ring of protection (right hand)
Scrolls
 e - 3 scrolls of teleportation
 r - a scroll of remove curse
 t - 3 scrolls of identify {unknown}
Comestibles
 b - 2 meat rations
 c - 2 bread rations
 f - 2 beef jerkies


   Skills:
 + Level 3.7 Fighting
 + Level 2.3 Axes
 * Level 3.2 Armour
 + Level 1.3 Dodging
 + Level 0.2 Stealth
 + Level 2.5 Invocations


You had 3 spell levels left.
You didn't know any spells.

Dungeon Overview and Level Annotations

Branches:
Dungeon (3/15)

Altars:
Yredelemnul

Annotations:
Sewer Purgy


Innate Abilities, Weirdness & Mutations

You have sharp fingernails.
You have sharp toenails.
Your flesh is heat resistant.
Your spells are a little easier to cast, but a little less powerful.


Message History

Purgy bites you but does no damage. Purgy claws you but does no damage.
Purgy claws you.
* * * LOW HITPOINT WARNING * * *
You hit Purgy but do no damage.
Purgy is moderately wounded.
Purgy barely misses you. Purgy closely misses you. Purgy barely misses you.
You hit Purgy. Your kick misses Purgy.
Purgy is heavily wounded.
Purgy bites you.
* * * LOW HITPOINT WARNING * * *
Purgy claws you but does no damage. x2
Your scale mail prevents you from hitting Purgy.
Your kick misses Purgy.
Purgy is heavily wounded.
Purgy bites you but does no damage. Purgy barely misses you. Purgy claws you.
* * * LOW HITPOINT WARNING * * *
You barely miss Purgy. Your kick misses Purgy.
Purgy is heavily wounded.
Purgy bites you.
You die...

## ############ #% #.##.##.##!#
#. #.##.##)##.#
#+##+##T##'##'##'##'#
#######.......@......(....#####
≈≈≈≈≈≈#≈≈≈≈≈≈≈≈≈.≈≈≈≈≈≈≈≈≈#≈≈≈≈
≈≈≈≈≈≈#≈≈≈≈≈≈≈≈≈∩≈≈≈≈≈≈≈≈≈#≈≈≈≈
≈≈≈≈≈≈#≈≈≈≈≈≈≈≈≈"≈≈≈≈≈≈≈≈≈#≈≈≈≈
#...................#####
#)##'##'##.##)##(##'#
#.##.##.##.##.##.##.#
#.##.##.##∩##.##.##.#
#####################


You could see Purgy.

Vanquished Creatures
  A gnoll (D:1)
  An adder (D:2)
  An ooze (D:1)
  3 worms
  A dart slug (D:1)
  4 giant geckos
  5 bats
  3 giant cockroaches
  9 goblins
  5 hobgoblins
  13 jackals
  A quokka (D:2)
  2 giant newts
  11 kobolds
  7 rats
67 creatures vanquished.

Notes
Turn   | Place    | Note
--------------------------------------------------------------
     0 | Abyss:1  | Gargoyl the Demonspawn Abyssal Knight began the quest for the Orb.
     0 | Abyss:1  | Reached XP level 1. HP: 18/18 MP: 2/2
     9 | Abyss:1  | Found a corrupted altar of Lugonu.
    46 | Abyss:1  | Found a corrupted altar of Lugonu.
    49 | Abyss:1  | Noticed a large abomination
    49 | D:1      | Escaped the Abyss
    69 | D:1      | Reached skill level 1 in Dodging
   179 | D:1      | Reached * piety under Lugonu
   183 | D:1      | Gained mutation: Your flesh is heat resistant. [demonic ancestry]
   183 | D:1      | Reached XP level 2. HP: 14/24 MP: 3/3
  1038 | D:1      | Gained mutation: You have sharp toenails. [demonic ancestry]
  1038 | D:1      | Reached XP level 3. HP: 28/29 MP: 4/4
  1192 | D:2      | Reached ** piety under Lugonu
  1563 | D:2      | Gained mutation: You have sharp fingernails. [demonic ancestry]
  1563 | D:2      | Reached XP level 4. HP: 34/37 MP: 5/5
  2010 | D:1      | HP: 1/37 [poisoned by a gnoll]
  2738 | D:3      | Found a basalt altar of Yredelemnul.
  2774 | D:3      | Found a glowing drain.
  2779 | Sewer    | Entered a sewer
  2927 | Sewer    | Noticed Purgy
  2936 | Sewer    | Gained mutation: You are frail (-10% HP). [potion of mutation]
  2936 | Sewer    | Lost mutation: You are frail (-10% HP). [potion of mutation]
  2936 | Sewer    | Gained mutation: Your spells are a little easier to cast, but a little less powerful. [potion of mutation]
  2948 | Sewer    | HP: 1/37 [Purgy (3)]
  2949 | Sewer    | Slain by Purgy

Skill      XL: |  1  2  3  4 |
---------------+-------------+-----
Dodging        | 1 |  1.3
Armour         | 2 3 |  3.2
Axes           | 2 |  2.3
Fighting       | |  3.7
Stealth        | |  0.2
Invocations    | |  2.5

Action                   |  1- 3 |  4- 6 || total
-------------------------+-------+-------++-------
Melee: Hand axe          |   134 |    90 ||   224
       Kick              |    14 |    17 ||    31
Invok: Depart the Abyss  |     1 |       ||     1
  Use: Potion            |     2 |     6 ||     8
       Scroll            |       |     8 ||     8
  Eat: Chunk             |     2 |     1 ||     3
       Bread ration      |       |     1 ||     1
       Fruit             |       |     1 ||     1
Armor: Leather armour    |    27 |       ||    27
       Scale mail        |    83 |    64 ||   147
       Ring mail         |     2 |       ||     2
Dodge: Dodged            |   121 |    75 ||   196
